 Dungeon Crawl Stone Soup version 0.27.1-33-g824d729ab1 (webtiles) character file.

Game seed: 14702853118798218631

75 pkoi the Ruffian (level 4, -3/36 HPs)
             Began as a Draconian Gladiator on Nov 30, 2021.
             Slain by a black bear (4 damage)
             ... on level 2 of the Dungeon.
             The game lasted 00:02:32 (2370 turns).

pkoi the Ruffian (Draconian Gladiator)              Turns: 2370, Time: 00:02:32

Health: -3/36      AC:  5    Str: 16    XL:     4   Next: 11%
Magic:  4/4        EV: 12    Int: 10    God:
Gold:   143        SH:  0    Dex: 12    Spells: 3/3 levels left

rFire    . . .     SeeInvis .     - Unarmed
rCold    . . .     Faith    .   (no shield)
rNeg     . . .     Spirit   .   (armour unavailable)
rPois    .         Reflect  .   a - +0 hat
rElec    .         Harm     .   (no cloak)
rCorr    .         Rampage  .   (no gloves)
Will     .....                  (no boots)
Stlth    +.........             (no amulet)
HPRegen  0.12/turn              (no ring)
MPRegen  0.09/turn              (no ring)

@: no status effects
A: AC +5, unfitting armour, cold-blooded
a: no special abilities


You were on level 2 of the Dungeon.
You visited 1 branch of the dungeon, and saw 2 of its levels.

You collected 143 gold pieces.

Inventory:

Missiles
 b - 5 throwing nets (quivered)
Armour
 a - a +0 hat (worn)
Scrolls
 d - a scroll of fog {unknown}
 e - 3 scrolls of identify {unknown}
 g - a scroll of blinking {unknown}
Potions
 c - a potion of attraction {unknown}
 f - a potion of magic {unknown}
 h - a potion of curing {unknown}


   Skills:
 - Level 2.2 Fighting
 - Level 1.8 Throwing
 - Level 3.0 Dodging
 - Level 0.3 Stealth
 + Level 4.7 Unarmed Combat


You had 3 spell levels left.
You didn't know any spells.
Your spell library was empty.

Dungeon Overview and Level Annotations

Branches:
Dungeon (2/15)

Altars:


Innate Abilities, Weirdness & Mutations

Your plain brown scales are hard. (AC +5)
You cannot fit into any form of body armour.
You are cold-blooded and may be slowed by cold attacks.


Message History

You barely miss the jackal.
You tail-slap the jackal, but do no damage.
The jackal is severely wounded.
The jackal bites you but does no damage.
The jackal misses you.
You hit the jackal.
You kill the jackal!
You closely miss the black bear.
The black bear is severely wounded.
You barely miss the black bear.
The black bear is severely wounded.
The black bear closely misses you.
The black bear claws you but does no damage.
The black bear closely misses you.
You closely miss the black bear.
The black bear is severely wounded.
The black bear misses you. x2
The black bear claws you but does no damage.
You hit the black bear.
The black bear is severely wounded.
The black bear closely misses you. x2; The black bear barely misses you.
You hit the black bear.
The black bear is almost dead.
The black bear goes berserk!
You barely miss the black bear.
The black bear is severely wounded.
The black bear bites you! The black bear claws you.
* * * LOW HITPOINT WARNING * * *
The black bear closely misses you.
You hit the black bear.
The black bear is almost dead.
The black bear bites you.
* * * LOW HITPOINT WARNING * * *
The black bear claws you.
* * * LOW HITPOINT WARNING * * *
The black bear claws you but does no damage.
The black bear bites you!
* * * LOW HITPOINT WARNING * * *
The black bear barely misses you. The black bear claws you.
You die...

....#####.# #.##... #....
......#...# #...(.. ....#
...##†#..# #..##.# #...#
...##.†..# #..##.# #[..# #
#.##.....####..##.#
#...##.###
#.##.......)...##.#
#...^.....
...............##.# #......#
####.......##..##h####.>#####
#............@#.h>hh.......
###....###.#.###.##..#.....
##...# #..## ##......####
###.# #.#.# ##....... #.....#
. ######## #######


You could see a black bear (berserk).

Vanquished Creatures
  An adder (D:2)
  5 dart slugs
  3 bats
  3 endoplasms
  2 giant cockroaches
  3 goblins
  3 hobgoblins (D:2)
  10 jackals
  3 quokkas
  11 ball pythons
  3 frilled lizards
  4 kobolds
  2 rats
53 creatures vanquished.

Vanquished Creatures (others)
  8 fungi (D:2)
  4 toadstools (D:2)
12 creatures vanquished.

Grand Total: 65 creatures vanquished

Notes
Turn   | Place    | Note
-------+----------+-------------------------------------------
     0 | D:1      | pkoi the Draconian Gladiator began the quest for the Orb.
     0 | D:1      | Reached XP level 1. HP: 17/17 MP: 1/1
   186 | D:1      | Reached XP level 2. HP: 21/24 MP: 2/2
  1407 | D:1      | Reached XP level 3. HP: 29/29 MP: 3/3
  1663 | D:2      | Reached skill level 4 in Unarmed Combat
  2303 | D:2      | Reached XP level 4. HP: 35/36 MP: 4/4
  2340 | D:2      | Noticed a black bear
  2370 | D:2      | HP: 1/36 [black bear (10)]
  2370 | D:2      | Slain by a black bear

Illustrated notes

Levels and vault maps discovered:
D:1:      psy_arrival_fountain, layout_basic, serial_forest,
          infiniplex_forest_lined_room_2, infiniplex_forest_end_1,
          infiniplex_forest_join, infiniplex_forest_zigzag_1,
          infiniplex_forest_straight_3, infiniplex_forest_lined_3,
          infiniplex_forest_end_1
D:2:      minmay_chambers_of_twos, layout_loops_ring,
          chequers_ecumenical_altar_simple, minmay_gold_behind_fungi,
          st_stairs_8

Skill      XL: |  1  2  3 |
---------------+----------+-----
Dodging        | 3 |  3.0
Unarmed Combat | 4 |  4.7
Fighting       | |  2.2
Throwing       | |  1.8
Stealth        | |  0.3

Action                   |  1- 3 |  4- 6 || total
-------------------------+-------+-------++-------
Melee: Unarmed           |   159 |    29 ||   188
       Tailslap          |     7 |     2 ||     9
       Punch             |     3 |       ||     3
 Stab: Sleeping          |     4 |       ||     4
Armor: Skin              |    60 |    12 ||    72
Dodge: Dodged            |    89 |    29 ||   118
